Get step-by-step instructions on how to execute this build order below. Start the game timer, and the build order will tick by so you can play in parallel with StarCraft on a second screen or mobile device.

Game Time

  0:00

Last Step

  N/A

Next Step

Upcoming Step



Don't want to look back and forth between 2 screens? Try out our Overwolf App, the Spawning Tool Build Advisor to get an in-game overlay with this build!

Complete Build Order

  12  0:00  SCV  
  13  0:12  SCV  
  14  0:17  Supply Depot  
  14  0:24  SCV  
  15  0:38  SCV  
  15  0:40  Barracks  
  16  0:44  Refinery  
  16  0:50  SCV  
  16  0:54  Refinery  
  17  1:03  SCV  
  18  1:15  SCV  
  19  1:28  Marine  
  19  1:29  Orbital Command  
  20  1:35  Factory  
  20  1:46  Reaper  
  21  1:54  Supply Depot  
  21  1:55  SCV  
  22  2:07  SCV  
  23  2:18  Cyclone  
  23  2:19  SCV, Reaper  
  27  2:31  SCV  
  27  2:32  Supply Depot  
  26  2:45  SCV  
  24  2:54  Cyclone  
  24  2:57  SCV  
  26  3:01  Barracks Reactor  
  26  3:09  SCV  
  27  3:13  Command Center  
  27  3:21  SCV  
  28  3:33  SCV  
  29  3:40  Command Center  
  29  3:45  SCV  
  32  3:48  Cyclone  
  32  3:57  Cyclone, SCV  
  34  4:08  Barracks Tech Lab  
  34  4:09  SCV  
  35  4:17  Supply Depot  
  35  4:21  SCV  
  38  4:31  Orbital Command  
  40  4:36  Stimpack, Marine  
  37  4:39  SCV  
  37  4:42  Factory Reactor  
  38  4:47  Barracks  
  38  4:48  Barracks  
  38  4:51  SCV  
  39  4:53  Orbital Command  
  39  4:55  Orbital Command  
  39  5:01  Marine  
  39  5:03  SCV  
  41  5:08  Starport  
  41  5:15  SCV  
  41  5:19  Supply Depot, SCV  
  43  5:23  SCV  
  43  5:27  SCV  
  45  5:31  Marine, SCV  
  45  5:32  Factory Tech Lab  
  45  5:34  Marine x2  
  49  5:35  SCV  
  49  5:39  SCV  
  50  5:43  SCV  
  50  5:44  Marine x2  
  50  5:47  SCV  
  46  5:51  SCV  
  46  5:52  Marine  
  46  5:55  SCV  
  46  5:57  Marine  
  43  6:00  SCV